PAA
MERCER ISLAND SCREAMING EAGLES @ MINNESOTA LOONS
06/18/2034
 
TOP OF THE 1ST
Mercer Island Screaming Eagles batting - Pitching for Minnesota Loons : LHP Rafael González
Pitching: LHP Rafael González
Batting: RHB Kimi Okubo 0-0: Foul Ball, location: 2F
0-1: Foul Ball, location: 2F
0-2: Ball
1-2: Strikes out swinging
Batting: SHB Serious Lee 0-0: Ball
1-0: Ball
2-0: Foul Ball, location: 2F
2-1: Foul Ball, location: 2F
2-2: Fly out, F4 (Line Drive, 4)
Batting: RHB Dejmi Dumervil 0-0: Ball
1-0: Ground out 6-3 (Groundball, 6)
Top of the 1st over - 0 runs, 0 hits, 0 errors, 0 left on base; Mercer Island 0 - Minnesota 0
BOTTOM OF THE 1ST
Minnesota Loons batting - Pitching for Mercer Island Screaming Eagles : RHP Jules Goux
Pitching: RHP Jules Goux
Batting: SHB Esteban Piñeiro 0-0: Ball
1-0: Ball
2-0: Fly out, F6 (Popup, 56)
Batting: RHB Oliver Villalva 0-0: Ball
1-0: Called Strike
1-1: Bunt missed!
1-2: Strikes out swinging
Batting: LHB Kevin de Bruyne 0-0: Called Strike
0-1: Ball
1-1: Ball
2-1: Called Strike
2-2: Fly out, F9 (Line Drive, 9)
Bottom of the 1st over - 0 runs, 0 hits, 0 errors, 0 left on base; Mercer Island 0 - Minnesota 0
TOP OF THE 2ND
Mercer Island Screaming Eagles batting - Pitching for Minnesota Loons : LHP Rafael González
Batting: RHB Oliver Burrell 0-0: Ball
1-0: Called Strike
1-1: Ball
2-1: Ground out 6-3 (Groundball, 6)
Batting: RHB Emílio Ramírez 0-0: Fly out, F8 (Flyball, 89D)
Batting: RHB Juan Reyes 0-0: Called Strike
0-1: Ball
1-1: Called Strike
1-2: Ball
2-2: Strikes out swinging
Top of the 2nd over - 0 runs, 0 hits, 0 errors, 0 left on base; Mercer Island 0 - Minnesota 0
BOTTOM OF THE 2ND
Minnesota Loons batting - Pitching for Mercer Island Screaming Eagles : RHP Jules Goux
Batting: LHB José Román 0-0: SINGLE (Line Drive, 4D)
Batting: RHB Augusto Manuel 0-0: Ball
1-0: Foul Ball, location: 2F
1-1: Called Strike
1-2: Ball
2-2: Ball
3-2: Fielders Choice at 2nd, 4-6 (Groundball, 34)
Batting: LHB Bill Bean 0-0: Called Strike
0-1: Ball
1-1: SINGLE (Groundball, 34D)
Augusto Manuel to second
Runner from 2nd tries for 3rd, SAFE, no throw
Batting: RHB Héctor Espiga 0-0: Fly out, F8 (Flyball, 8RD)
Runner from 3rd tags up, SCORES, throw made
Batting: LHB Atro Jarvilehto 0-0: Hit by Pitch
Bill Bean to second
Batting: RHB Tabor Muzquiz 0-0: Ball
1-0: Called Strike
1-1: Fly out, F7 (Flyball, 7D)
Bottom of the 2nd over - 1 run, 2 hits, 0 errors, 2 left on base; Mercer Island 0 - Minnesota 1
TOP OF THE 3RD
Mercer Island Screaming Eagles batting - Pitching for Minnesota Loons : LHP Rafael González
Batting: SHB Jason Graham 0-0: Ball
1-0: Ground out 6-3 (Groundball, 6)
Batting: RHB Ed Bowers 0-0: Ball
1-0: Swinging Strike
1-1: Ball
2-1: Ball
3-1: Foul Ball, location: 2F
3-2: Base on Balls
Batting: RHB Kenny DeWitt 0-0: Ball
1-0: Called Strike
1-1: SINGLE (Line Drive, 9S)
Ed Bowers to second
Batting: RHB Kimi Okubo 0-0: Ground out 5-3 (Groundball, 56S)
Ed Bowers to third
Kenny DeWitt to second
Batting: SHB Serious Lee 0-0: Called Strike
0-1: Ball
1-1: 3-RUN HOME RUN (Flyball, 9LD), Distance : 341 ft
Batting: RHB Dejmi Dumervil 0-0: Called Strike
0-1: Ball
1-1: Foul Ball, location: 2F
1-2: Strikes out looking
Top of the 3rd over - 3 runs, 2 hits, 0 errors, 0 left on base; Mercer Island 3 - Minnesota 1
BOTTOM OF THE 3RD
Minnesota Loons batting - Pitching for Mercer Island Screaming Eagles : RHP Jules Goux
Batting: SHB Esteban Piñeiro 0-0: Called Strike
0-1: Ball
1-1: Ball
2-1: Ground out 4-3 (Groundball, 4)
Batting: RHB Oliver Villalva 0-0: Bunt missed!
0-1: Swinging Strike
0-2: Strikes out swinging
Batting: LHB Kevin de Bruyne 0-0: Foul Ball, location: 2F
0-1: Swinging Strike
0-2: Foul Ball, location: 2F
0-2: Ball
1-2: Ground out 4-3 (Groundball, 4MD)
Bottom of the 3rd over - 0 runs, 0 hits, 0 errors, 0 left on base; Mercer Island 3 - Minnesota 1
TOP OF THE 4TH
Mercer Island Screaming Eagles batting - Pitching for Minnesota Loons : LHP Rafael González
Batting: RHB Oliver Burrell 0-0: Called Strike
0-1: Ball
1-1: Ball
2-1: Swinging Strike
2-2: Ball
3-2: Foul Ball, location: 2F
3-2: Strikes out looking
Batting: RHB Emílio Ramírez 0-0: Foul Ball, location: 2F
0-1: Foul Ball, location: 2F
0-2: Strikes out swinging
Batting: RHB Juan Reyes 0-0: Ball
1-0: Ground out 5-3 (Groundball, 56)
Top of the 4th over - 0 runs, 0 hits, 0 errors, 0 left on base; Mercer Island 3 - Minnesota 1
BOTTOM OF THE 4TH
Minnesota Loons batting - Pitching for Mercer Island Screaming Eagles : RHP Jules Goux
Batting: LHB José Román 0-0: Foul Ball, location: 2F
0-1: Called Strike
0-2: Fly out, F7 (Flyball, 7D)
Batting: RHB Augusto Manuel 0-0: Ball
1-0: Called Strike
1-1: Ball
2-1: Called Strike
2-2: Ground out 4-3 (Groundball, 4MS)
Batting: LHB Bill Bean 0-0: Ball
1-0: Called Strike
1-1: SINGLE (Line Drive, 8LS)
Batting: RHB Héctor Espiga 0-0: Foul Ball, location: 2F
0-1: Swinging Strike
0-2: Foul Ball, location: 2F
0-2: Fielders Choice at 2nd, 6-4 (Groundball, 6)
Bottom of the 4th over - 0 runs, 1 hit, 0 errors, 1 left on base; Mercer Island 3 - Minnesota 1
TOP OF THE 5TH
Mercer Island Screaming Eagles batting - Pitching for Minnesota Loons : LHP Rafael González
Batting: SHB Jason Graham 0-0: Ball
1-0: Swinging Strike
1-1: Ball
2-1: Foul Ball, location: 2F
2-2: Strikes out looking
Batting: RHB Ed Bowers 0-0: Foul Ball, location: 2F
0-1: Ground out 3-1 (Groundball, 34)
Batting: RHB Kenny DeWitt 0-0: Ball
1-0: Ball
2-0: Ball
3-0: Called Strike
3-1: Fly out, F3 (Popup, 3S)
Top of the 5th over - 0 runs, 0 hits, 0 errors, 0 left on base; Mercer Island 3 - Minnesota 1
BOTTOM OF THE 5TH
Minnesota Loons batting - Pitching for Mercer Island Screaming Eagles : RHP Jules Goux
Batting: LHB Atro Jarvilehto 0-0: Called Strike
0-1: Reached on error, E4 (Groundball, 4D)
Batting: RHB Tabor Muzquiz 0-0: Ball
1-0: Ball
2-0: Ball
3-0: Base on Balls
Atro Jarvilehto to second
Batting: SHB Esteban Piñeiro 0-0: Ball
1-0: Sac Bunt - play at first, batter OUT! 3-4
Atro Jarvilehto to third
Tabor Muzquiz to second
Batting: RHB Oliver Villalva 0-0: Ball
1-0: Ground out 1-3 (Groundball, 15)
Batting: LHB Kevin de Bruyne 0-0: Ball
1-0: Called Strike
1-1: Swinging Strike
1-2: Fly out, F8 (Line Drive, 8RM)
Bottom of the 5th over - 0 runs, 0 hits, 1 error, 2 left on base; Mercer Island 3 - Minnesota 1
TOP OF THE 6TH
Mercer Island Screaming Eagles batting - Pitching for Minnesota Loons : LHP Rafael González
Batting: RHB Kimi Okubo 0-0: Foul Ball, location: 2F
0-1: Foul Ball, location: 2F
0-2: Strikes out looking
Batting: SHB Serious Lee 0-0: DOUBLE (Line Drive, 7LM)
Batting: RHB Dejmi Dumervil 0-0: Fly out, F7 (Flyball, 7D)
Batting: RHB Oliver Burrell 0-0: Called Strike
0-1: Called Strike
0-2: Ball
1-2: Ball
2-2: Fly out, F8 (Flyball, 78M)
Top of the 6th over - 0 runs, 1 hit, 0 errors, 1 left on base; Mercer Island 3 - Minnesota 1
BOTTOM OF THE 6TH
Minnesota Loons batting - Pitching for Mercer Island Screaming Eagles : RHP Jules Goux
Batting: LHB José Román 0-0: Swinging Strike
0-1: Called Strike
0-2: Ball
1-2: Strikes out swinging
Batting: RHB Augusto Manuel 0-0: Ball
1-0: SINGLE (Flyball, 7LS)
Batting: LHB Bill Bean 0-0: Called Strike
0-1: Grounds into double play, 1-6-3 (Groundball, 13)
Bottom of the 6th over - 0 runs, 1 hit, 0 errors, 0 left on base; Mercer Island 3 - Minnesota 1
TOP OF THE 7TH
Mercer Island Screaming Eagles batting - Pitching for Minnesota Loons : LHP Rafael González
Batting: RHB Emílio Ramírez 0-0: Ball
1-0: Called Strike
1-1: Called Strike
1-2: Ball
2-2: Strikes out looking
Batting: RHB Juan Reyes 0-0: Called Strike
0-1: Fly out, F9 (Flyball, 9)
Batting: SHB Jason Graham 0-0: Called Strike
0-1: Fly out, F6 (Line Drive, 6M)
Top of the 7th over - 0 runs, 0 hits, 0 errors, 0 left on base; Mercer Island 3 - Minnesota 1
BOTTOM OF THE 7TH
Minnesota Loons batting - Pitching for Mercer Island Screaming Eagles : RHP Jules Goux
Batting: RHB Héctor Espiga 0-0: Ball
1-0: Called Strike
1-1: Ball
2-1: Swinging Strike
2-2: Foul Ball, location: 2F
2-2: Foul Ball, location: 2F
2-2: SINGLE (Line Drive, 8LS)
Batting: LHB Atro Jarvilehto 0-0: Ball
1-0: Sac Bunt - play at first, batter safe!
Héctor Espiga to second
Batting: RHB Tabor Muzquiz 0-0: Bunted foul
0-1: Sac Bunt - play at first, batter OUT! 3-4
Héctor Espiga to third
Atro Jarvilehto to second
Batting: SHB Esteban Piñeiro 0-0: Called Strike
0-1: Ball
1-1: Foul Ball, location: 2F
1-2: Strikes out looking
Pitching: LHP Pu-feng Zhou
Batting: RHB Oliver Villalva 0-0: Ball
1-0: Ball
2-0: Ball
3-0: Called Strike
3-1: Base on Balls
Batting: LHB Kevin de Bruyne 0-0: Ball
1-0: Foul Ball, location: 2F
1-1: Called Strike
1-2: Foul Ball, location: 2F
1-2: SINGLE (Line Drive, 4D)
Héctor Espiga scores
Atro Jarvilehto to third
Oliver Villalva to second
Batting: LHB José Román 0-0: Ball
1-0: Ball
2-0: Called Strike
2-1: Swinging Strike
2-2: Strikes out swinging
Bottom of the 7th over - 1 run, 3 hits, 0 errors, 3 left on base; Mercer Island 3 - Minnesota 2
TOP OF THE 8TH
Mercer Island Screaming Eagles batting - Pitching for Minnesota Loons : LHP Rafael González
Batting: RHB Ed Bowers 0-0: Ball
1-0: Foul Ball, location: 2F
1-1: Called Strike
1-2: Ball
2-2: Ball
3-2: Base on Balls
Batting: RHB Kenny DeWitt 0-0: Ball
1-0: Called Strike
1-1: Foul Ball, location: 2F
1-2: Ball
2-2: Ball
3-2: Foul Ball, location: 2F
3-2: Foul Ball, location: 2F
3-2: Strikes out looking
Batting: RHB Kimi Okubo 0-0: Ball
1-0: Foul Ball, location: 2F
1-1: Foul Ball, location: 2F
1-2: Fly out, F9 (Flyball, 9S)
Pitching: LHP Quan Shiu
Batting: SHB Serious Lee 0-0: Foul Ball, location: 2F
0-1: Foul Ball, location: 2F
0-2: Ball
1-2: Foul Ball, location: 2F
1-2: Ball
2-2: Foul Ball, location: 2F
2-2: Fly out, F7 (Flyball, 7D)
Top of the 8th over - 0 runs, 0 hits, 0 errors, 1 left on base; Mercer Island 3 - Minnesota 2
BOTTOM OF THE 8TH
Minnesota Loons batting - Pitching for Mercer Island Screaming Eagles : LHP Pu-feng Zhou
Batting: RHB Augusto Manuel 0-0: Ball
1-0: Foul Ball, location: 2F
1-1: Foul Ball, location: 2F
1-2: Foul Ball, location: 2F
1-2: SINGLE (Flyball, 7LM)
Pitching: LHP Mario López
Batting: LHB Bill Bean 0-0: Ball
1-0: Sac Bunt - play at first, batter OUT! 2-4
Augusto Manuel to second
Batting: RHB Héctor Espiga 0-0: Ball
1-0: Ball
Passed Ball!
Augusto Manuel to third
2-0: Called Strike
2-1: Ground out 4-3 (Groundball, 4)
Pinch Hitting: RHB Ramón Yniguez 0-0: Ball
1-0: Ball
2-0: Fly out, F8 (Flyball, 8LS)
Bottom of the 8th over - 0 runs, 1 hit, 0 errors, 1 left on base; Mercer Island 3 - Minnesota 2
TOP OF THE 9TH
Mercer Island Screaming Eagles batting - Pitching for Minnesota Loons : LHP Quan Shiu
Now at 2B: Ramón Yniguez
Batting: RHB Dejmi Dumervil 0-0: Called Strike
0-1: Fly out, F9 (Line Drive, 89M)
Batting: RHB Oliver Burrell 0-0: Called Strike
0-1: Foul Ball, location: 2F
0-2: Ball
1-2: Foul Ball, location: 2F
1-2: Strikes out swinging
Batting: RHB Emílio Ramírez 0-0: Called Strike
0-1: Foul Ball, location: 2F
0-2: Strikes out swinging
Top of the 9th over - 0 runs, 0 hits, 0 errors, 0 left on base; Mercer Island 3 - Minnesota 2
BOTTOM OF THE 9TH
Minnesota Loons batting - Pitching for Mercer Island Screaming Eagles : LHP Mario López
Batting: RHB Tabor Muzquiz 0-0: SINGLE (Line Drive, 9S)
Batting: SHB Esteban Piñeiro 0-0: Ball
1-0: Foul Ball, location: 2F
1-1: Ball
2-1: Ball
3-1: Foul Ball, location: 2F
3-2: Base on Balls
Tabor Muzquiz to second
Batting: RHB Oliver Villalva 0-0: Sac Bunt - play at first, batter OUT! 1-4
Tabor Muzquiz to third
Esteban Piñeiro to second
Batting: LHB Kevin de Bruyne 0-0: Ball
1-0: Fly out, F3 (Popup, 34S)
Batting: LHB José Román 0-0: Ball
1-0: Called Strike
Balk!
Tabor Muzquiz scores
Esteban Piñeiro to third
1-1: Swinging Strike
1-2: Ball
2-2: Ball
3-2: Fly out, F8 (Flyball, 8LXD)
Bottom of the 9th over - 1 run, 1 hit, 0 errors, 1 left on base; Mercer Island 3 - Minnesota 3
TOP OF THE 10TH
Mercer Island Screaming Eagles batting - Pitching for Minnesota Loons : LHP Quan Shiu
Batting: RHB Juan Reyes 0-0: Ball
1-0: Called Strike
1-1: Fly out, F5 (Popup, 5SF)
Batting: SHB Jason Graham 0-0: Called Strike
0-1: Ball
1-1: Ball
2-1: Ball
3-1: Called Strike
3-2: Ground out 6-3 (Groundball, 6)
Batting: RHB Ed Bowers 0-0: Ball
1-0: Swinging Strike
1-1: Ball
2-1: Ball
3-1: Base on Balls
Batting: RHB Kenny DeWitt 0-0: Ball
1-0: Ball
Wild Pitch!
Ed Bowers to second
2-0: Ball
3-0: Called Strike
3-1: Foul Ball, location: 2F
3-2: Strikes out swinging
Top of the 10th over - 0 runs, 0 hits, 0 errors, 1 left on base; Mercer Island 3 - Minnesota 3
BOTTOM OF THE 10TH
Minnesota Loons batting - Pitching for Mercer Island Screaming Eagles : LHP Mario López
Batting: RHB Augusto Manuel 0-0: Ball
1-0: Fly out, F9 (Flyball, 9)
Batting: LHB Bill Bean 0-0: SINGLE (Groundball, 4MD)
Batting: RHB Héctor Espiga 0-0: Ball
1-0: Ball
2-0: Ball
3-0: Called Strike
3-1: Ground out 5-3 (Groundball, 5S)
Bill Bean to second
Batting: RHB Ramón Yniguez 0-0: Ball
1-0: Swinging Strike
1-1: Ball
2-1: Fly out, F8 (Flyball, 8RS)
Bottom of the 10th over - 0 runs, 1 hit, 0 errors, 1 left on base; Mercer Island 3 - Minnesota 3
TOP OF THE 11TH
Mercer Island Screaming Eagles batting - Pitching for Minnesota Loons : LHP Quan Shiu
Batting: RHB Kimi Okubo 0-0: Ball
1-0: Swinging Strike
1-1: Ball
2-1: Ball
3-1: Swinging Strike
3-2: Foul Ball, location: 2F
3-2: Foul Ball, location: 2F
3-2: Base on Balls
Batting: SHB Serious Lee 0-0: Ball
1-0: Foul Ball, location: 2F
1-1: Ball
2-1: Foul Ball, location: 2F
2-2: Foul Ball, location: 2F
2-2: Foul Ball, location: 2F
2-2: Hit by Pitch
Kimi Okubo to second
Batting: RHB Dejmi Dumervil 0-0: Called Strike
0-1: Ball
Kimi Okubo steals 3rd base
Serious Lee to second
1-1: Foul Ball, location: 2F
1-2: Ground out 1-3 (Groundball, P)
Batting: RHB Oliver Burrell 0-0: Intentional Walk
Pitching: RHP Ainanani Oliwa
Batting: RHB Emílio Ramírez 0-0: Ball
1-0: Ball
2-0: Foul Ball, location: 2F
2-1: Grounds into fielders choice 5-2 (Groundball, 5L)
Serious Lee to third
Oliver Burrell to second
Batting: RHB Juan Reyes 0-0: Swinging Strike
0-1: Ball
1-1: Fly out, F9 (Flyball, 9D)
Top of the 11th over - 0 runs, 0 hits, 0 errors, 3 left on base; Mercer Island 3 - Minnesota 3
BOTTOM OF THE 11TH
Minnesota Loons batting - Pitching for Mercer Island Screaming Eagles : LHP Mario López
Batting: RHB Tabor Muzquiz 0-0: Called Strike
0-1: Ball
1-1: Ball
2-1: SINGLE (Groundball, 4) (infield hit)
Batting: SHB Esteban Piñeiro 0-0: Ball
1-0: Called Strike
1-1: Foul Ball, location: 2F
1-2: Fly out, F6 (Flyball, 6D)
Batting: RHB Oliver Villalva 0-0: Called Strike
0-1: Ball
1-1: Foul Ball, location: 2F
1-2: Ball
2-2: Fly out, F7 (Flyball, 7S)
Batting: LHB Kevin de Bruyne 0-0: Ground out 4-3 (Groundball, 4)
Bottom of the 11th over - 0 runs, 1 hit, 0 errors, 1 left on base; Mercer Island 3 - Minnesota 3
TOP OF THE 12TH
Mercer Island Screaming Eagles batting - Pitching for Minnesota Loons : RHP Ainanani Oliwa
Batting: SHB Jason Graham 0-0: Called Strike
0-1: Foul Ball, location: 2F
0-2: Ball
1-2: Strikes out swinging
Batting: RHB Ed Bowers 0-0: Foul Ball, location: 2F
0-1: Ball
1-1: Called Strike
1-2: Ball
2-2: Strikes out swinging
Batting: RHB Kenny DeWitt 0-0: Called Strike
0-1: Ball
1-1: Called Strike
1-2: Foul Ball, location: 2F
1-2: Ball
2-2: Fly out, F4 (Popup, 4)
Top of the 12th over - 0 runs, 0 hits, 0 errors, 0 left on base; Mercer Island 3 - Minnesota 3
BOTTOM OF THE 12TH
Minnesota Loons batting - Pitching for Mercer Island Screaming Eagles : LHP Mario López
Batting: LHB José Román 0-0: Ball
1-0: Foul Ball, location: 2F
1-1: Swinging Strike
1-2: SOLO HOME RUN (Line Drive, 89D), Distance : 406 ft
Friday, March 29th, 2019 - OOTP Baseball 18.8 Build 76